 Dungeon Crawl Stone Soup version 0.30.1-11-g7821555f0a (webtiles) character file.

Game seed: 2197459664745200269

35 Martska the Trooper (level 3, 29/29 HPs)
             Began as a Demonspawn Fighter on Dec 13, 2023.
             Quit the game on level 1 of the Dungeon.
             The game lasted 00:00:51 (1013 turns).

Martska the Trooper (Demonspawn Fighter)            Turns: 1013, Time: 00:00:52

Health: 29/29      AC:  6    Str: 18    XL:     3   Next: 16%
Magic:  3/3        EV:  9    Int:  9    God:
Gold:   62         SH:  4    Dex: 12    Spells: 2/2 levels left

rFire   + . .        f - +0 dagger (venom)
rCold   . . .        c - +0 buckler
rNeg    . . .        b - +0 scale mail
rPois   .            (helmet restricted)
rElec   .            (no cloak)
rCorr   .            (no gloves)
SInv    .            (no boots)
Will    .....        (no amulet) Stlth
                     e - ring of protection from fire
HPRegen 0.24/turn    (no ring)
MPRegen 0.08/turn

%: no passive effects
@: no status effects
A: antennae 1, foul stench 1
a: no special abilities


You were on level 1 of the Dungeon.
You visited 1 branch of the dungeon, and saw 1 of its levels.

You collected 62 gold pieces.

Inventory:

Hand Weapons
 a - a +0 war axe
 f - a +0 dagger of venom (weapon)
Armour
 b - a +0 scale mail (worn)
 c - a +0 buckler (worn)
Jewellery
 e - a ring of protection from fire (left hand)
 j - a ring of wizardry
Scrolls
 g - 2 scrolls of teleportation {unknown}
 h - a scroll of fog {unknown}
Potions
 d - a potion of might
 i - a potion of flight {unknown}


   Skills:
 * Level 3.4 Fighting
 - Level 1.7 Axes
 + Level 3.0 Armour
 * Level 1.2 Dodging
 + Level 2.9 Shields


You had 2 spell levels left.
You didn't know any spells.
Your spell library was empty.

Dungeon Overview and Level Annotations

Branches:
Dungeon (1/15)

Altars:


Innate Abilities, Weirdness & Mutations

You have a pair of small antennae on your head.
You may rarely emit foul miasma when damaged in melee.


Message History

A bat is nearby!
You closely miss the bat. The bat hits you but does no damage. x2
You hit the bat.
The bat is poisoned.
The bat is heavily wounded.
You block the bat's attack. The bat hits you.
The bat hits you but does no damage.
You hit the bat but do no damage.
The bat looks as sick as possible!
The bat is severely wounded.
You kill the bat!
No target in view!
No target in view!
No target in view!
No target in view!
No target in view!
You see here a +0 dagger.
You see here a +0 dagger.
A kobold comes into view. It is wielding a +0 dagger.
The kobold shouts!
A kobold is nearby!
You barely miss the kobold. The kobold hits you but does no damage.
You closely miss the kobold. You block the kobold's attack.
You hit the kobold.
The kobold is poisoned.
The kobold is moderately wounded.
The kobold hits you with a +0 dagger.
You closely miss the kobold.
The kobold is severely wounded.
The kobold hits you with a +0 dagger.
You hit the kobold.
You kill the kobold!
No target in view!
No target in view!
You see here a +0 dagger.
Done exploring.
Done exploring.
No target in view!
No target in view!
Done exploring.
You see here a hobgoblin skeleton.
There is a stone staircase leading down here.
Are you sure you want to abandon this character and quit the game? (Confirm with "yes".)

.#.#######.#'###### #.#
..................# #.#
##.#..............# #..
...#.##...........# #..
####.##......###### #..
...#.##.....############### #..
.#.#.##.....# #...........# #..
...#.##.....# #....)......# #..
...#.######## #.@.........#######
...#.# #...........'...... ...#.#
#...........####### ...#.#
#...........# # ..##.########
#...........# # ............#
#...........# # #####.#####.#
###########.#######
..........#.#############.#......
#####.###.#..รท............#.#####


There were no monsters in sight!

Vanquished Creatures
  A dart slug (D:1)
  2 bats (D:1)
  3 endoplasms (D:1)
  A giant cockroach (D:1)
  5 goblins (D:1)
  5 hobgoblins (D:1)
  4 kobolds (D:1)
  A quokka (D:1)
  A ball python (D:1)
  A frilled lizard (D:1)
  4 rats (D:1)
28 creatures vanquished.

Notes
Turn   | Place    | Note
-------+----------+-------------------------------------------
     0 | D:1      | Martska the Demonspawn Fighter began the quest for the Orb.
     0 | D:1      | Reached XP level 1. HP: 18/18 MP: 1/1
    88 | D:1      | Gained mutation: You may rarely emit foul miasma when
                  | damaged in melee. [demonic ancestry]
    88 | D:1      | Reached XP level 2. HP: 20/24 MP: 2/2
   229 | D:1      | Reached skill level 1 in Dodging
   550 | D:1      | Gained mutation: You have a pair of small antennae on your
                  | head. [demonic ancestry]
   550 | D:1      | Reached XP level 3. HP: 29/29 MP: 3/3
  1013 | D:1      | Quit the game

Illustrated notes

Levels and vault maps discovered:
D:1:      minmay_arrival_four_houses, layout_basic, feat_on_display

Skill      XL: |  1  2 |
---------------+-------+-----
Dodging        | 1 |  1.2
Armour         | 3 |  3.0
Fighting       | |  3.4
Axes           | |  1.7
Shields        | |  2.9

Action                     || total
---------------------------++-------
  Melee: War axe           ||    40
         Dagger            ||    39
 Armour: Scale mail        ||    36
  Dodge: Dodged            ||    29
  Block: Buckler           ||    18
